 Dungeon Crawl Stone Soup version 0.28-a0-915-gcd63401287 (webtiles) character file.

Game seed: 4347310768943397311

1565 mcbry74 the Basher (level 8, 0/74 HPs)
             Began as a Troll Berserker on Nov 25, 2021.
             Was a Believer of Trog.
             Killed from afar by Sigmund (3 damage)
             ... with a magic dart
             ... on level 6 of the Dungeon.
             The game lasted 00:23:18 (5011 turns).

mcbry74 the Basher (Troll Berserker)                Turns: 5011, Time: 00:23:19

Health: 0/74       AC:  4    Str: 28    XL:     8   Next: 59%
Magic:  7/7        EV: 14    Int:  3    God:    Trog [**....]
Gold:   262        SH:  5    Dex:  9    Spells: 7/7 levels left

rFire   . . .      SeeInvis .   v - +0 giant spiked club
rCold   . . .      Faith    .   (shield currently unavailable)
rNeg    . . .      Spirit   .   b - +0 animal skin
rPois   .          Reflect  +   (helmet restricted)
rElec   .          Harm     .   (no cloak)
rCorr   .          Rampage  .   (gloves unavailable)
Will    +....                   (boots unavailable)
Stlth   +.........              w - amulet of reflection
HPRegen 1.02/turn               l - ring of willpower
MPRegen 0.10/turn               s - +4 ring of evasion

@: about to teleport, on berserk cooldown
A: large, unfitting armour, claws 3, regeneration 1, shaggy fur 1, tough skin 1
a: Renounce Religion, Berserk, Trog's Hand


You were on level 6 of the Dungeon.
You worshipped Trog.
Trog was pleased with you.
You visited 1 branch of the dungeon, and saw 6 of its levels.

You collected 262 gold pieces.

Inventory:

Hand Weapons
 a - a +0 mace
 d - a +2 whip of distortion
 g - a +1 flail of protection
 t - a +0 whip of draining
 u - a +0 flail
 v - a +0 giant spiked club (weapon)
 z - a +0 giant spiked club
Missiles
 c - 143 stones (quivered)
 e - 4 boomerangs of dispersal
 y - 10 poisoned darts
Armour
 b - a +0 animal skin (worn)
Jewellery
 l - a ring of willpower (left claw)
 s - a +4 ring of evasion (right claw)
 w - an amulet of reflection (around neck)
Scrolls
 h - a scroll of fog {unknown}
 i - 2 scrolls of silence {unknown}
 k - a scroll of vulnerability {unknown}
 m - a scroll of enchant weapon {unknown}
 n - 4 scrolls of teleportation
 x - a scroll of amnesia {unknown}
 A - a scroll of identify
 B - a scroll of summoning {unknown}
 C - a scroll of fear {unknown}
Potions
 f - a potion of brilliance
 j - a potion of attraction
 o - a potion of magic
 p - a potion of ambrosia
 q - a potion of curing {unknown}
 r - 2 potions of flight {unknown}
 D - a potion of invisibility {unknown}


   Skills:
 - Level 2.4 Fighting
 + Level 10.3 Maces & Flails
 - Level 2.4 Dodging


You had 7 spell levels left.
You didn't know any spells.
Your spell library was empty.

Dungeon Overview and Level Annotations

Branches:
Dungeon (6/15)
 Temple: D:4-7

Altars:
Gozag
Kikubaaqudgha
Ru
Uskayaw
The Shining One

Annotations:
D:6 Menkaure, Sigmund


Innate Abilities, Weirdness & Mutations

You are too large for most types of armour.
You have claws for hands.
Your natural rate of healing is unusually fast.
You are covered in fur. (AC +1)
You have tough skin. (AC +1)


Message History

Menkaure seems to speed up.
The vampire mosquito bites you.
* * * LOW HITPOINT WARNING * * *
The vampire mosquito draws strength from your injuries!
The vampire mosquito bites you.
* * * LOW HITPOINT WARNING * * *
The vampire mosquito draws strength from your injuries!
You feel yourself speed up.
You feel the effects of Trog's Hand fading.
The vampire mosquito misses you.
Menkaure whispers drily.
The vampire mosquito bites you!
* * * LOW HITPOINT WARNING * * *
The vampire mosquito draws strength from your injuries!
Menkaure calls on the powers of darkness!
Your body is wracked with pain!
* * * LOW HITPOINT WARNING * * *
You thump the vampire mosquito!
The vampire mosquito is moderately damaged.
The vampire mosquito bites you.
* * * LOW HITPOINT WARNING * * *
The vampire mosquito draws strength from your injuries!
The vampire mosquito misses you.
As you read the scroll of teleportation, it crumbles to dust.
You feel strangely unstable. The vampire mosquito misses you.
You block the vampire mosquito's attack.
The vampire mosquito closely misses you.
Your surroundings suddenly seem different.
Sigmund the Dreaded comes into view.
He is wielding a +0 scythe and carrying a wand of flame (10).
Sigmund shouts!
Sigmund breathes a few words.
Sigmund's hands start flickering wildly.
Sigmund zaps a wand.
The puff of flame hits you!
* * * LOW HITPOINT WARNING * * *
As you read the scroll of teleportation, it crumbles to dust.
You feel strangely unstable.
Your skin stops crawling.
You feel less strong-willed.
Sigmund points at you and mumbles some strange words.
The magic dart hits you.
You die...

#.........
#.........
#.........
#.........
#.........
#.........
#.........
#.@..@....
#########.
. #


You could see Sigmund.

Vanquished Creatures
  A shadow (D:6)
  Edmund (D:5)
  An orc warrior (D:6)
  A black bear (D:6)
  A sky beast (D:6)
  3 ogres
  A necrophage (D:6)
  A centaur (D:5)
  A phantom (D:4)
  2 hounds (D:6)
  2 jellies
  An orc priest (D:4)
  2 iguanas
  2 orc wizards (D:4)
  2 killer bee zombies
  A hound zombie (D:5)
  A hound skeleton (D:5)
  5 gnolls
  A howler monkey skeleton (D:4)
  5 adders
  A shadow imp (D:5)
  A white imp (D:5)
  An ufetubus (D:5)
  An adder zombie (D:5)
  2 worms
  3 dart slugs
  8 orcs
  9 endoplasms
  3 giant cockroaches
  2 goblins
  5 hobgoblins
  8 jackals
  6 kobolds
  A quokka (D:4)
  9 ball pythons
  2 bats
  4 frilled lizards
  5 rats
106 creatures vanquished.

Notes
Turn   | Place    | Note
-------+----------+-------------------------------------------
     0 | D:1      | mcbry74 the Troll Berserker began the quest for the Orb.
     0 | D:1      | Reached XP level 1. HP: 22/22 MP: 0/0
   129 | D:1      | Reached skill level 3 in Maces & Flails
   238 | D:1      | Reached XP level 2. HP: 29/29 MP: 1/1
   829 | D:2      | Reached XP level 3. HP: 23/36 MP: 2/2
   969 | D:2      | Reached skill level 4 in Maces & Flails
  1237 | D:2      | Reached ** piety under Trog
  1666 | D:3      | Found a faded altar of an unknown god.
  2274 | D:3      | Reached XP level 4. HP: 44/44 MP: 3/3
  2526 | D:4      | Noticed a phantom
  2543 | D:4      | Killed a phantom
  2544 | D:4      | Reached skill level 5 in Maces & Flails
  2544 | D:4      | Reached XP level 5. HP: 46/50 MP: 4/4
  2595 | D:4      | Noticed an ogre
  2828 | D:4      | Reached skill level 6 in Maces & Flails
  3012 | D:4      | Found a glowing golden altar of the Shining One.
  3014 | D:4      | Found an opulent altar of Gozag.
  3017 | D:4      | Found a sacrificial altar of Ru.
  3097 | D:3      | Reached XP level 6. HP: 32/55 MP: 5/5
  3200 | D:4      | Found an ancient bone altar of Kikubaaqudgha.
  3455 | D:4      | Reached skill level 7 in Maces & Flails
  3622 | D:5      | Entered Level 5 of the Dungeon
  3664 | D:5      | Noticed Edmund
  3676 | D:5      | Killed Edmund
  3677 | D:5      | Reached XP level 7. HP: 66/66 MP: 6/6
  3811 | D:5      | Reached skill level 8 in Maces & Flails
  3948 | D:5      | Found a hide-covered altar of Uskayaw.
  4382 | D:6      | Reached skill level 9 in Maces & Flails
  4382 | D:6      | Reached XP level 8. HP: 70/74 MP: 7/7
  4758 | D:6      | Reached skill level 10 in Maces & Flails
  4975 | D:6      | Noticed Menkaure
  5005 | D:6      | HP: 3/74 [??? (1)]
  5006 | D:6      | HP: 1/74 [vampire mosquito (5)]
  5009 | D:6      | Noticed Sigmund
  5011 | D:6      | Killed from afar by Sigmund

Illustrated notes

Levels and vault maps discovered:
D:1:      dpeg_arrival_arbitrary_a, layout_loops_ring
D:2:      layout_basic, st_stairs_8, kennysheep_big_empty_room
D:3:      layout_loops_corners, nicolae_ecumenical_snake_handling
D:4:      layout_basic, mainiacjoe_overflow_brackets,
          grunt_temple_overflow_diamond
D:5:      layout_loops_ring, kennysheep_mini_moat, uniq_edmund
D:6:      layout_basic, serial_shops, shop, grunt_ministairs_3, minmay_circle_x,
          uniq_sigmund, uniq_menkaure

Skill      XL: |  1  2  3  4  5  6  7  8 |
---------------+-------------------------+-----
Maces & Flails | 3 4 5 6 7 9 10 | 10.3
Fighting       | |  2.4
Dodging        | |  2.4

Action                   |  1- 3 |  4- 6 |  7- 9 || total
-------------------------+-------+-------+-------++-------
Melee: Mace              |   109 |   122 |       ||   231
       Whip              |       |    38 |       ||    38
       Giant spiked club |       |    12 |   119 ||   131
Throw: Stone             |       |       |     6 ||     6
Invok: Berserk           |       |     3 |     4 ||     7
       Trog's Hand       |       |     2 |     3 ||     5
  Use: Scroll            |       |     5 |     3 ||     8
Armor: Animal skin       |    34 |    44 |    19 ||    97
Dodge: Dodged            |    45 |    87 |    94 ||   226
Block: Other             |       |       |    36 ||    36
       Reflection        |       |       |     3 ||     3

Table legend: (Time is in decaauts)
 A = Elapsed time spent in this place.
 B = Non-inter-level travel time spent in this place.
 C = Inter-level travel time spent in this place.
 D = Time resting spent in this place.
 E = Time spent auto-exploring this place.
 F = Levels seen in this place.
 G = Mean time per level.
                   A        B        C        D        E       F      G
               +--------+--------+--------+--------+--------+-----+--------+
         Total |   5141 |   4958 |    183 |    401 |   3099 |   6 |  856.8 |
       Dungeon |   5141 |   4958 |    183 |    401 |   3099 |   6 |  856.8 |
               +--------+--------+--------+--------+--------+-----+--------+

Top non-repeatable levels by time:
     D:3: 1074 daAuts
     D:4: 1020 daAuts
     D:2: 835 daAuts
     D:6: 796 daAuts
     D:1: 740 daAuts
     D:5: 674 daAuts
